 Dungeon Crawl Stone Soup version 0.30-a0-279-g4b46babb21 (webtiles) character file.

Game seed: 8743693320119246030

1181 themarg the Chopper (level 8, -1/64 (67) HPs)
             Began as a Gnoll Chaos Knight on Oct 16, 2022.
             Was a Plaything of Xom.
             Slain by a wight
             ... wielding a +5 great sword
              (9 damage)
             ... on level 6 of the Dungeon.
             The game lasted 00:16:00 (4904 turns).

themarg the Chopper (Gnoll Chaos Knight)            Turns: 4904, Time: 00:16:00

HP:   -1/64 (67)    AC: 13    Str: 11 (13) XL:     8   Next: 42%
MP:   14/14         EV:  6    Int: 11      God:    Xom [....*.]
Gold: 252           SH:  0    Dex: 13 (15) Spells: 13/13 levels left

rFire   . . .      SeeInvis .    a - +0 hand axe (chaos)
rCold   . . .      Faith    .    (no shield)
rNeg    . . .      Spirit   .    i - +0 chain mail
rPois   .          Reflect  .    (no helmet)
rElec   .          Harm     .    C - +1 cloak {Will+}
rCorr   .          Rampage  .    u - +0 pair of gloves
Will    +....      Clarity  +    (no boots)
Stlth   ..........               (no amulet)
HPRegen 0.30/turn                (no ring)
MPRegen 0.14/turn                (no ring)

@: silenced, lightly drained
A: fangs 1, strong nose, distributed training, hooves 1, agile 1, clarity, high
MP 1, noise suppression
a: Renounce Religion


You were on level 6 of the Dungeon.
You worshipped Xom.
You were a beloved toy of Xom.
You visited 1 branch of the dungeon, and saw 6 of its levels.

You collected 252 gold pieces.

Inventory:

Hand Weapons
 a - a +0 hand axe of chaos (weapon)
 p - the +7 whip "Hihiq" {drain, Str+2}
   (You found it on level 3 of the Dungeon)

   A truly terrible weapon, it drains the life of any living foe it strikes.
   Str:       It affects your strength (+2).
 E - a +2 quarterstaff of chaos
Missiles
 e - 46 stones (quivered)
 h - 6 boomerangs
 A - 5 datura-tipped darts
Armour
 i - a +0 chain mail (worn)
 u - a +0 pair of gloves (worn)
 C - a +1 cloak of willpower (worn)
Jewellery
 j - a +6 ring of dexterity
 n - an amulet of faith
Wands
 l - a wand of paralysis (8)
 x - a wand of polymorph (4)
 D - a wand of light (10)
 F - a wand of roots (9)
Scrolls
 b - a scroll of silence
 d - a scroll of identify
 g - 5 scrolls of teleportation {unknown}
 k - 2 scrolls of amnesia
 o - a scroll of poison {unknown}
 q - a scroll of immolation
 r - 2 scrolls of enchant armour {unknown}
 t - a scroll of noise {unknown}
 v - a scroll of magic mapping
 y - a scroll of enchant weapon {unknown}
Potions
 f - a potion of degeneration
 m - 2 potions of curing
 s - a potion of magic {unknown}
 w - a potion of attraction {unknown}
 z - 3 potions of heal wounds {unknown}
 B - a potion of might {unknown}
 G - a potion of mutation {unknown}
Miscellaneous
 c - a piece from Xom's chessboard (15/15)


   Skills:
 + Level 7.4 Fighting
 + Level 3.4 Short Blades
 + Level 3.4 Long Blades
 + Level 7.4 Axes
 + Level 3.4 Maces & Flails
 + Level 3.4 Polearms
 + Level 3.4 Staves
 + Level 3.4 Ranged Weapons
 + Level 3.4 Throwing
 + Level 5.7 Armour
 + Level 4.3 Dodging
 + Level 3.4 Stealth
 + Level 3.4 Shields
 + Level 3.4 Unarmed Combat
 + Level 3.4 Spellcasting
 + Level 2.7 Conjurations
 + Level 2.7 Hexes
 + Level 2.7 Summonings
 + Level 2.7 Necromancy
 + Level 2.7 Translocations
 + Level 2.7 Transmutations
 + Level 2.7 Fire Magic
 + Level 2.7 Ice Magic
 + Level 2.7 Air Magic
 + Level 2.7 Earth Magic
 + Level 2.7 Poison Magic
 + Level 3.7 Invocations
 + Level 3.4 Evocations


You had 13 spell levels left.
You didn't know any spells.
Your spell library contained the following spells:

 Spells                   Type           Power      Damage    Failure   Level
 Dazzling Flash           Conj/Hex       16%        N/A       100%        3
 Iskenderun's Mystic Bla  Conj/Tloc      8%         2d4       100%        4
 Agony                    Necr           8%         N/A       100%        5
 Silence                  Hex/Air        4%         N/A       100%        5
 Starburst                Conj/Fire      4%         6d3       100%        6


Dungeon Overview and Level Annotations

Branches:
Dungeon (6/15)
 Temple: D:4-7

Altars:
Xom

Portals:
Abyss: D:5

Annotations:
D:5 2 transporters, CertainDeath's ghost, novice DsRe
Abyss:1 Robin


Innate Abilities, Weirdness & Mutations

You have very sharp teeth.
Your uncanny sense of smell can sniff out nearby items.
Your experience applies equally to all skills.
You have large cloven feet.
You are agile. (Dex +4, Str/Int -1)
You possess an exceptional clarity of mind.
You have an increased reservoir of magic. (+10% MP)
You passively dampen the noise of your surroundings.


Message History

The blast of lightning engulfs the gnoll!!
The gnoll dies!
The blast of lightning engulfs the gnoll!!!
The gnoll dies!
The blast of lightning engulfs the gnoll!!!
The gnoll dies!
Things that are here:
a +0 whip; a +0 robe; a gnoll corpse A wight comes into view.
It is wielding a +0 war axe.
A wight comes into view. It is wielding a +3 dagger.
You see here a +0 spear.
You hit the wight.
The wight easily resists.
You bite the wight.
The wight is lightly damaged.
The wight hits you with a +5 great sword!
You feel drained.
You barely miss the wight. You kick the wight, but do no damage.
The wight is lightly damaged.
Your attacks no longer feel as feeble.
The wight hits you with a +5 great sword!!
* * * LOW HITPOINT WARNING * * *
As you read the scroll labelled COATOU NECHYFE, it crumbles to dust.
You feel aware of your surroundings.
You sensed 1 altar.
It was a scroll of magic mapping.
The wight hits you with a +5 great sword.
* * * LOW HITPOINT WARNING * * *
As you read the scroll labelled BOMYIH QUUWO, it crumbles to dust.
The creatures around you are filled with an inner flame!
It was a scroll of immolation.
You are now a beloved toy of Xom.
The wight hits you with a +5 great sword!
* * * LOW HITPOINT WARNING * * *
As you read the scroll labelled LIOLLEZ YNYNU, it crumbles to dust.
It is a scroll of identify.
k - 2 scrolls of amnesia The wight hits you but does no damage.
As you read the scroll labelled RADUOK TOCO, it crumbles to dust.
A profound silence engulfs you.
It was a scroll of silence.
The wight hits you with a +5 great sword!
You die...
Xom thinks this is hilarious!

,,**,,,,,,,,,,*,********,********
,,**,,,,,....*#.,*#.,,,,,,*,,,,,,
,,**,,,,,....##.##.,,,,,,*,,,,,,,
,,,,,,,,,..........***..,,,,,,,,,
,,,,,,,,,,,.......####..,,,,,,,,,
,,,,,,,,,,.,.........?.#,,,,,,,,,
,,,,,,,,,∆#.##z........#*,,,,,,,,
,,,,,,**,##.#...z.......#,,,,,**,
,,,,,,*,,#.....z@...#....,,,,,,*,
,,,,,,,,,.###...)).....##,**,,,,,
,,,,,**,,........).......,***,,,,
,,,,,*,,,.................###...,
,***,,,,,..................#....,
,***,,,,,.......................,
,*,,,,,,,......#...####.........*
,*,,*,,*,##...###..###..........*
,,,,*****#..##**##..............,


You could see 3 wights.

Vanquished Creatures
  An ice beast (D:5)
  An ogre (D:6)
  3 phantoms
  A necrophage (D:3)
  A bullfrog (D:5)
  A scorpion (D:4)
  Crazy Yiuf (D:5)
  A jelly (D:4)
  2 orc priests
  5 hounds
  An iguana (D:5)
  4 orc wizards
  7 adders
  3 worms
  2 dart slugs (D:2)
  14 orcs
  6 ball pythons
  4 endoplasms
  A giant cockroach (D:3)
  11 goblins
  14 hobgoblins
  3 jackals (D:5)
  5 quokkas
  12 bats
  2 frilled lizards
  5 kobolds
  2 rats (D:2)
113 creatures vanquished.

Vanquished Creatures (others)
  A gnoll bouda (D:6)
  4 gnolls (D:6)
  11 plants (D:2)
16 creatures vanquished.

Grand Total: 129 creatures vanquished

Notes
Turn   | Place    | Note
-------+----------+-------------------------------------------
     0 | D:1      | themarg the Gnoll Chaos Knight began the quest for the Orb.
     0 | D:1      | Reached XP level 1. HP: 23/23 MP: 1/1
     8 | D:1      | XOM: silly message
    92 | D:1      | Reached XP level 2. HP: 19/29 MP: 2/2
   125 | D:1      | XOM: silly message
   606 | D:1      | XOM: cloud trail
   802 | D:2      | Reached XP level 3. HP: 26/35 MP: 2/4
   844 | D:2      | XOM: silly message
   851 | D:2      | Reached skill level 1 in Invocations
   939 | D:2      | Reached skill level 1 in Short Blades
   939 | D:2      | Reached skill level 1 in Long Blades
   939 | D:2      | Reached skill level 1 in Maces & Flails
   939 | D:2      | Reached skill level 1 in Polearms
   939 | D:2      | Reached skill level 1 in Staves
   939 | D:2      | Reached skill level 1 in Ranged Weapons
   939 | D:2      | Reached skill level 1 in Throwing
   939 | D:2      | Reached skill level 1 in Stealth
   939 | D:2      | Reached skill level 1 in Shields
   939 | D:2      | Reached skill level 1 in Unarmed Combat
   939 | D:2      | Reached skill level 1 in Spellcasting
   939 | D:2      | Reached skill level 1 in Evocations
   954 | D:2      | XOM: silly message
   959 | D:2      | Reached XP level 4. HP: 41/41 MP: 5/5
  1192 | D:2      | Noticed Robin
  1198 | D:2      | XOM: silly message
  1200 | D:2      | Reached skill level 1 in Conjurations
  1200 | D:2      | Reached skill level 1 in Hexes
  1200 | D:2      | Reached skill level 1 in Summonings
  1200 | D:2      | Reached skill level 1 in Necromancy
  1200 | D:2      | Reached skill level 1 in Translocations
  1200 | D:2      | Reached skill level 1 in Transmutations
  1200 | D:2      | Reached skill level 1 in Fire Magic
  1200 | D:2      | Reached skill level 1 in Ice Magic
  1200 | D:2      | Reached skill level 1 in Air Magic
  1200 | D:2      | Reached skill level 1 in Earth Magic
  1200 | D:2      | Reached skill level 1 in Poison Magic
  1214 | D:2      | Banished Robin
  1218 | D:2      | Found a faded altar of an unknown god.
  1316 | D:3      | Identified the +7 whip "Hihiq" {drain, Str+2}
  1488 | D:3      | Noticed a necrophage
  1490 | D:3      | XOM: confuse monster(s)
  1504 | D:3      | Killed a necrophage
  1505 | D:3      | Reached XP level 5. HP: 43/47 MP: 5/7
  2412 | D:4      | Noticed a phantom
  2425 | D:4      | Killed a phantom
  2426 | D:4      | Reached skill level 5 in Armour
  2426 | D:4      | Reached XP level 6. HP: 32/53 MP: 7/9
  2683 | D:4      | XOM: silly message
  2855 | D:4      | XOM: divination: detect creatures
  2982 | D:4      | Reached XP level 7. HP: 60/60 MP: 10/10
  3004 | D:4      | XOM: silly message
  3129 | D:4      | XOM: silly message
  3286 | D:4      | XOM: summons 4 hostile demons
  3363 | D:4      | XOM: give mutations
  3363 | D:4      | Gained mutation: You passively dampen the noise of your
                  | surroundings. [Xom's grace]
  3363 | D:4      | Gained mutation: You have large cloven feet. [Xom's grace]
  3363 | D:4      | Gained mutation: You possess an exceptional clarity of
                  | mind. [Xom's grace]
  3363 | D:4      | Gained mutation: You have an increased reservoir of magic.
                  | (+10% MP) [Xom's grace]
  3575 | D:4      | XOM: scenery: create altars
  3686 | D:4      | XOM: summons 2 hostile shadow creatures
  3703 | D:5      | Entered Level 5 of the Dungeon
  3780 | D:5      | Noticed Ijyb
  3784 | D:5      | XOM: enchant monster (bad)
  3785 | D:5      | Noticed Ijyb
  3794 | D:5      | Killed Ijyb the ice beast
  3959 | D:5      | XOM: divination: magic mapping
  3960 | D:5      | XOM: give mutation
  3960 | D:5      | Gained mutation: You are agile. (Dex +4, Str/Int -1) [Xom's
                  | mischief]
  3969 | D:5      | XOM: noise
  3993 | D:5      | Reached XP level 8. HP: 67/67 MP: 13/13
  3995 | D:5      | Found a transporter.
  4008 | D:5      | Noticed CertainDeath's ghost (novice DsRe)
  4100 | D:5      | Noticed a toenail golem
  4121 | D:5      | Noticed Blork the orc
  4122 | D:5      | Blork the orc changed into Blork the bullfrog
  4122 | D:5      | Noticed Blork
  4128 | D:5      | Killed Blork the bullfrog
  4144 | D:5      | Found a one-way gate to the infinite horrors of the Abyss.
  4175 | D:5      | Found a transporter.
  4347 | D:5      | Found a runed translucent door.
  4348 | D:5      | Noticed Crazy Yiuf
  4363 | D:5      | XOM: summons 2 hostile shadow creatures
  4481 | D:5      | Killed Crazy Yiuf
  4609 | D:5      | XOM: 1-stop teleportation journey
  4656 | D:5      | XOM: silly message
  4868 | D:6      | XOM: silly message
  4896 | D:6      | XOM: divine lightning
  4904 | D:6      | Slain by a wight

Illustrated notes

Levels and vault maps discovered:
D:1:      spicycebolla_arrival_transporter_tutorial, layout_loops_ring
D:2:      layout_basic, dilly_ecumenical_altar_fadedgnrine, uniq_robin
D:3:      layout_loops_ring, serial_co_window_serial, co_window_paths_a,
          co_window_paths_b, co_window_paths_a, co_window_corner_a,
          co_window_of_opportunity_a, co_window_broadway_b, co_window_2corner,
          co_window_cross_3, glass_columns_b, glass_columns_b, glass_columns_a,
          glass_columns_c, roderic_batcave
D:4:      layout_basic
D:5:      layout_basic, gammafunk_ghost_abyssal_escape,
          kennysheep_generic_room_12, uniq_ijyb, uniq_blork_the_orc,
          uniq_crazy_yiuf_cottage
D:6:      layout_cave_pools, lemuel_mausoleum_altar_kikubaaqudgha

Skill      XL: |  1  2  3  4  5  6  7 |
---------------+----------------------+-----
Invocations    | 1 2 3 |  3.7
Short Blades   | 1 2 3 |  3.4
Long Blades    | 1 2 3 |  3.4
Maces & Flails | 1 2 3 |  3.4
Polearms       | 1 2 3 |  3.4
Staves         | 1 2 3 |  3.4
Ranged Weapons | 1 2 3 |  3.4
Throwing       | 1 2 3 |  3.4
Stealth        | 1 2 3 |  3.4
Shields        | 1 2 3 |  3.4
Unarmed Combat | 1 2 3 |  3.4
Spellcasting   | 1 2 3 |  3.4
Evocations     | 1 2 3 |  3.4
Conjurations   | 1 2 |  2.7
Hexes          | 1 2 |  2.7
Summonings     | 1 2 |  2.7
Necromancy     | 1 2 |  2.7
Translocations | 1 2 |  2.7
Transmutations | 1 2 |  2.7
Fire Magic     | 1 2 |  2.7
Ice Magic      | 1 2 |  2.7
Air Magic      | 1 2 |  2.7
Earth Magic    | 1 2 |  2.7
Poison Magic   | 1 2 |  2.7
Dodging        | 3 4 |  4.3
Armour         | 5 |  5.7
Fighting       | 7 |  7.4
Axes           | 7 |  7.4

Action                   |  1- 3 |  4- 6 |  7- 9 || total
-------------------------+-------+-------+-------++-------
Melee: Hand axe          |    67 |    42 |     2 ||   111
       Bite              |     8 |    11 |    16 ||    35
       Punch             |     1 |     2 |     5 ||     8
       Whip              |       |   102 |   167 ||   269
       Kick              |       |       |    24 ||    24
Throw: Stone             |       |       |     8 ||     8
       Boomerang         |       |       |     4 ||     4
Evoke: Wand              |       |       |     2 ||     2
  Use: Potion            |       |       |     3 ||     3
       Scroll            |       |       |     4 ||     4
Armor: Leather armour    |     7 |       |       ||     7
       Ring mail         |     7 |       |       ||     7
       Chain mail        |    12 |   136 |   133 ||   281
Dodge: Dodged            |    23 |    62 |    69 ||   154

Table legend: (Time is in decaauts)
 A = Elapsed time spent in this place.
 B = Non-inter-level travel time spent in this place.
 C = Inter-level travel time spent in this place.
 D = Time resting spent in this place.
 E = Time spent auto-exploring this place.
 F = Levels seen in this place.
 G = Mean time per level.
                   A        B        C        D        E       F      G
               +--------+--------+--------+--------+--------+-----+--------+
         Total |   4901 |   4734 |    167 |    148 |   3584 |   6 |  816.8 |
       Dungeon |   4901 |   4734 |    167 |    148 |   3584 |   6 |  816.8 |
               +--------+--------+--------+--------+--------+-----+--------+

Top non-repeatable levels by time:
     D:4: 1291 daAuts
     D:5: 1128 daAuts
     D:3: 1101 daAuts
     D:1: 751 daAuts
     D:2: 560 daAuts
     D:6: 67 daAuts
